Cogmind - Beta 10.2 @@@ ROGUE MODE // 2020.12.19 @ 18:42:55 Player: sasha Result: Destroyed by S-10 Pest via exploding Compression Vault Performance ------------- Evolutions (2) 1000 Regions Visited (5) 1000 Robots Destroyed (21) 105 Value Destroyed (659) 659 Prototype IDs (0) 0 Alien Tech Used (0) 0 Bonus (60) 60 TOTAL SCORE: 2824 Bonus ------- Follower Combat Kills 60 Cogmind --------- Core Integrity 0/550 Matter 47/300 Energy 100/100 System Corruption 1% Temperature Cool (0) Movement Core (50) Location -8/Storage Parts ------- > --- POWER (1) -------- (None) > --- PROPULSION (4) --- (None) > --- UTILITY (4) ------ Advanced Visual Processing Unit > --- WEAPON (2) ------- (None) > --- INVENTORY (4) ---- Improved Hover Unit Improved Flight Unit Flak Cannon Peak State ------------ > --- POWER ------------ Light Ion Engine > --- PROPULSION ------- Titanium Leg Titanium Leg Titanium Leg Compact Wheel > --- UTILITY ---------- Small Storage Unit Visual Processing Unit > --- WEAPON ----------- Pulse Rifle Mining Laser > --- INVENTORY -------- Ion Engine Armored Wheel Armored Wheel Armored Wheel Improved Flight Unit Rocket Launcher [Rating: 19] Favorites ----------- Power Light Ion Engine Engine Light Ion Engine Propulsion Titanium Leg Treads Light Treads Leg Titanium Leg Wheel Armored Wheel Flight Unit Flight Unit Utility Small Storage Unit Storage Small Storage Unit Processor Visual Processing Unit Weapon Mining Laser Energy Gun Pulse Rifle Ballistic Gun Light Assault Rifle Ballistic Cannon Flak Cannon Launcher Rocket Launcher Special Weapon Mining Laser Build | -11 -10 -9 -9 -8 -8 ------- Run | Scr Mat Mat Min Mat Sto Slots Evolved 4 | . . 2 . 2 . Power . | . . . . . . Propulsion 2 | . . 1 . 1 . Utility 2 | . . 1 . 1 . Weapon . | . . . . . . Parts Attached 26 | 4 5 5 1 11 . Power 3 | 1 1 . . 1 . Engine 3 | 1 1 . . 1 . Core . | . . . . . . Reactor . | . . . . . . Propulsion 11 | . 2 4 . 5 . Treads 1 | . . 1 . . . Leg 3 | . . . . 3 . Wheel 4 | . . 2 . 2 . Hover . | . . . . . . Flight 3 | . 2 1 . . . Utility 4 | 1 . 1 . 2 . Device . | . . . . . . Storage 2 | 1 . . . 1 . Processor 2 | . . 1 . 1 . Hackware . | . . . . . . Protection . | . . . . . . Artifact . | . . . . . . Weapon 8 | 2 2 . 1 3 . Energy Gun 2 | 1 . . . 1 . Energy Cannon . | . . . . . . Ballistic Gun 3 | 1 2 . . . . Ballistic Cannon 1 | . . . . 1 . Launcher 1 | . . . . 1 . Special Weapon 1 | . . . 1 . . Impact Weapon . | . . . . . . Slashing Weapon . | . . . . . . Piercing Weapon . | . . . . . . Special Melee Weapon . | . . . . . . Unidentified Prototypes . | . . . . . . Parts Lost 13 | . . 2 . 8 3 Power 2 | . . . . 2 . Propulsion 5 | . . 2 . 3 . Utility 3 | . . . . . 3 Weapon 3 | . . . . 3 . Highest Loss Streak 5 | . . 2 . 5 3 Average Slot Usage (%) 60 | . 61 71 77 64 34 Engine 7 | . 14 11 11 5 . Treads 3 | . . 8 11 . . Leg 4 | . . . . 13 . Wheel 7 | . . 14 22 6 . Flight 2 | . 6 5 . . . Storage 13 | . 14 11 11 12 16 Processor 10 | . . 10 11 11 18 Energy Gun 3 | . 8 . . 6 . Ballistic Gun 5 | . 16 11 1 . . Special Weapon 2 | . . . 9 3 . Naked Turns . | . . . . . . Heaviest Build 20 | 13 13 8 8 20 8 Greatest Support 52 | 3 8 28 28 52 3 Greatest Overweight (x) 4 | 4 4 1 . 4 2 Average Overweight (x) . | 3 2 . . . 1 Largest Inventory Capacity 8 | 6 6 6 6 8 8 Average Capacity 6 | 5 6 6 6 6 7 Most Carried 6 | 4 5 3 4 6 3 Average Carried 2 | 3 3 2 3 2 2 Final Capacity 8 | 6 6 6 6 8 4 Final Carried 4 | 4 3 2 4 2 3 Class Distribution -------------------- 86% | Mutant 13% | Scavenger-Mutant Dominant Class ---------------- Mutant | -10/Materials Scavenger-Mutant | -9/Materials Mutant | -9/Mines Mutant | -8/Materials Mutant | -8/Storage Resources | -11 -10 -9 -9 -8 -8 ----------- Run | Scr Mat Mat Min Mat Sto Matter Collected 476 | 239 74 28 32 103 . Remotely . | . . . . . . Salvage Created 576 | . 154 113 . 309 . Parts 40 | . 13 7 . 20 . Haulers Intercepted 1 | . 1 . . . . Recyclers Shooed 1 | . . . . 1 . Parts Field Recycled . | . . . . . . Retrieved Matter . | . . . . . . Parts Self-Destructed . | . . . . . . Prevented . | . . . . . . Kills | -11 -10 -9 -9 -8 -8 ------- Run | Scr Mat Mat Min Mat Sto Combat Hostiles Destroyed 15 | . 4 1 . 10 . Guns 6 | . 4 1 . 1 . Cannons 2 | . . . . 2 . AOE 7 | . . . . 7 . Classes Destroyed 8 | . 3 2 . 3 . Worker 1 | . . . . 1 . Builder 1 | . . . . 1 . Hauler 1 | . 1 . . . . Recycler 2 | . . 1 . 1 . Operator 1 | . . . . 1 . Swarmer 3 | . 3 . . . . Grunt 8 | . 1 . . 7 . Sentry 4 | . . 1 . 3 . Best Kill Streak 8 | . 3 2 . 8 . Combat Bots Only 6 | . 3 1 . 6 . Max Kills in Single Turn 3 | . 2 1 . 3 . Gunslinging 1 | . 1 . . . . Exploded 2 | . . . . 2 . Melee . | . . . . . . Uniques/NPCs Destroyed . | . . . . . . Combat | -11 -10 -9 -9 -8 -8 -------- Run | Scr Mat Mat Min Mat Sto Damage Taken 1797 | . 40 110 . 1244 403 Core 579 | . 5 17 . 287 270 Absorbed by Shields . | . . . . . . Core Remaining (%) 97 | 100 98 . 95 . . Volleys Fired 69 | 1 10 10 . 48 . Largest 2 | 2 2 1 . 2 . Hottest 163 | 70 70 20 . 163 . Shots Fired 80 | 2 16 10 . 52 . Gun 41 | 2 16 10 . 13 . Cannon 14 | . . . . 14 . Launcher 22 | . . . . 22 . Special 3 | . . . . 3 . Kinetic 39 | 1 14 10 . 14 . Thermal 19 | 1 2 . . 16 . Explosive 22 | . . . . 22 . Electromagnetic . | . . . . . . Robot Hit Streak 12 | . 3 10 . 12 . Robot Miss Streak 4 | . 2 1 . 4 . Penetration Max . | . . . . . . Secondary Targets 1 | . 1 . . . . Max Gunslinging Chain 1 | . 1 . . . . Shots Hit Robots 56 | . 8 9 . 39 . Core Hits 54 | . 8 5 . 37 4 Critical Hits 1 | . 1 . . . . Critical Kills 1 | . 1 . . . . Critical Parts Destroyed . | . . . . . . Melee Attacks . | . . . . . . Impact . | . . . . . . Slashing . | . . . . . . Piercing . | . . . . . . Sneak Attacks . | . . . . . . Combat Hostiles . | . . . . . . Follow-up Attacks . | . . . . . . Damage Inflicted 1737 | . 113 77 . 1530 17 Guns 328 | . 96 77 . 155 . Cannons 287 | . . . . 287 . Explosions 1040 | . . . . 1040 . Melee . | . . . . . . Ramming 34 | . 17 . . . 17 Kinetic 435 | . 71 77 . 287 . Thermal 228 | . 25 . . 203 . Explosive 1040 | . . . . 1040 . Electromagnetic . | . . . . . . Impact . | . . . . . . Slashing . | . . . . . . Piercing . | . . . . . . Highest Corruption 1 | . 1 . . . 1 Average Corruption 1 | . 1 . . . 1 Corruption Purged . | . . . . . . Effects 2 | . 1 . . . 1 Message Errors 1 | . 1 . . . . Data Loss (minor) 1 | . . . . . 1 Overload Shots . | . . . . . . Overflow Damage 26 | . . . . 26 . Projectiles 1 | . . . . 1 . Explosions 25 | . . . . 25 . Melee . | . . . . . . Knockbacks 5 | . . . . 5 . Impact . | . . . . . . Kinetic 4 | . . . . 4 . Secondary 1 | . . . . 1 . Self-Inflicted Damage 35 | . 8 . . 20 7 Shots 1 | . . . . 1 . Rammed 14 | . 5 . . . 9 Targets Rammed 14 | . 5 . . . 9 Kicked . | . . . . . . Crushed . | . . . . . . Highest Temperature 186 | 9 18 15 . 186 . Average Temperature 44 | 6 5 11 . 54 . Received Heat Transfer 738 | . . 27 . 621 90 Siege Activations . | . . . . . . Robots Corrupted . | . . . . . . Combat Hostiles . | . . . . . . Parts Fried . | . . . . . . Impact Corruptions . | . . . . . . Robots Melted . | . . . . . . Combat Hostiles . | . . . . . . Parts Melted . | . . . . . . Heat Transferred 507 | . 74 . . 433 . Parts Sabotaged . | . . . . . . Parts Stolen . | . . . . . . Parts Stripped . | . . . . . . Power Chain Reactions . | . . . . . . Missiles Intercepted . | . . . . . . Alert | -11 -10 -9 -9 -8 -8 ------- Run | Scr Mat Mat Min Mat Sto Peak Influence 401 | . 112 121 144 401 184 Initial 169 | . . 46 46 55 169 Average 114 | . 31 81 55 205 173 Maximum Alert Level 2 | . . . . 2 . Low Security (%) 87 | 100 100 100 100 53 100 Level 1 10 | . . . . 36 . Level 2 2 | . . . . 9 . Level 3 . | . . . . . . Level 4 . | . . . . . . Level 5 . | . . . . . . High Security . | . . . . . . Max Security . | . . . . . . Squads Dispatched 5 | . . 1 . 4 . Investigation 1 | . . . . 1 . Extermination . | . . . . . . Reinforcement 4 | . . 1 . 3 . Assault . | . . . . . . Garrison . | . . . . . . Intercept . | . . . . . . Construction Impeded 1 | . . . . 1 . Haulers Reinforced . | . . . . . . Stealth | -11 -10 -9 -9 -8 -8 --------- Run | Scr Mat Mat Min Mat Sto Distress Signals 2 | . 1 1 . . . Communications Jammed . | . . . . . . Distress Signals . | . . . . . . Times Spotted 36 | . 9 6 . 15 6 Peak Tracking Total 7 | . 2 2 . 4 7 Tactical Retreats 2 | . . 1 . 1 . Traps | -11 -10 -9 -9 -8 -8 ------- Run | Scr Mat Mat Min Mat Sto Traps Triggered 4 | . 1 . . 1 2 Indirectly . | . . . . . . Trap Hack Attempts . | . . . . . . Triggered . | . . . . . . Disarmed . | . . . . . . Reprogrammed . | . . . . . . Reused . | . . . . . . Traps Extracted . | . . . . . . Installed . | . . . . . . Triggered . | . . . . . . Machines | -11 -10 -9 -9 -8 -8 ---------- Run | Scr Mat Mat Min Mat Sto Machines Disabled 5 | . 1 . 3 1 . Max in Single Turn 1 | . 1 . . 1 . Machines Sabotaged . | . . . . . . Garrisons Compromised . | . . . . . . Overloaded Fab Kills . | . . . . . . Fab Network Shutdowns . | . . . . . . Hacking | -11 -10 -9 -9 -8 -8 --------- Run | Scr Mat Mat Min Mat Sto Machines Accessed . | . . . . . . Terminals . | . . . . . . Fabricators . | . . . . . . Repair Stations . | . . . . . . Recycling Units . | . . . . . . Scanalyzers . | . . . . . . Garrison Access . | . . . . . . Total Hacks . | . . . . . . Successful . | . . . . . . Failed . | . . . . . . Catastrophic . | . . . . . . Database Lockouts . | . . . . . . Manual . | . . . . . . Terminals . | . . . . . . Fabricators . | . . . . . . Repair Stations . | . . . . . . Recycling Units . | . . . . . . Scanalyzers . | . . . . . . Garrison Access . | . . . . . . Terminal Hacks . | . . . . . . Fabricator Hacks . | . . . . . . Repair Station Hacks . | . . . . . . Recycling Unit Hacks . | . . . . . . Scanalyzer . | . . . . . . Garrison Access Hacks . | . . . . . . Unauthorized Hacks . | . . . . . . Terminals . | . . . . . . Fabricators . | . . . . . . Repair Stations . | . . . . . . Recycling Units . | . . . . . . Scanalyzers . | . . . . . . Garrison Access . | . . . . . . Data Cores Recovered . | . . . . . . Used . | . . . . . . Hacking Detections . | . . . . . . Full Trace Events . | . . . . . . Feedback Events . | . . . . . . Feedback Blocked . | . . . . . . Robot Schematics Acquired . | . . . . . . Robots Built . | . . . . . . Matter . | . . . . . . Time . | . . . . . . Total Robot Build Rating . | . . . . . . Part Schematics Acquired . | . . . . . . Parts Built . | . . . . . . Matter . | . . . . . . Time . | . . . . . . Total Part Build Rating . | . . . . . . Parts Repaired . | . . . . . . Time . | . . . . . . Parts Recycled . | . . . . . . Recycled Matter . | . . . . . . Retrieved Matter . | . . . . . . Retrieved Components . | . . . . . . Parts Scanalyzed . | . . . . . . Part Schematics Acquired . | . . . . . . Parts Damaged . | . . . . . . Bothacking | -11 -10 -9 -9 -8 -8 ------------ Run | Scr Mat Mat Min Mat Sto Used RIF Installer . | . . . . . . Robots Hacked . | . . . . . . Non-combat . | . . . . . . Combat . | . . . . . . Robot Hacks Applied . | . . . . . . Relay Couplers Released . | . . . . . . Robots Rewired . | . . . . . . Allies Hacked . | . . . . . . Hacks Repelled . | . . . . . . Allies | -11 -10 -9 -9 -8 -8 -------- Run | Scr Mat Mat Min Mat Sto Total Allies 1 | . . . 1 . . Largest Group 1 | . . . 1 . . Highest-Rated Group 31 | . . . 31 . . Highest-Rated Ally 31 | . . . 31 . . Total Orders . | . . . . . . Ally Attacks 3 | . . . 3 . . Total Damage 160 | . . . 160 . . Kills 2 | . . . 2 . . Allies Corrupted . | . . . . . . Allies Melted . | . . . . . . Intel | -11 -10 -9 -9 -8 -8 ------- Run | Scr Mat Mat Min Mat Sto Robot Analysis Total . | . . . . . . Derelict Logs Recovered 1 | . . . 1 . . Drone Launches . | . . . . . . Drone Recoveries . | . . . . . . Exploration | -11 -10 -9 -9 -8 -8 ------------- Run | Scr Mat Mat Min Mat Sto Turns Passed 1411 | 118 232 219 187 397 258 Spaces Moved 894 | 50 103 224 189 199 129 Core 280 | 50 65 . . 36 129 Treads 4 | . . 4 . . . Legs 85 | . . . . 85 . Wheels 395 | . . 128 189 78 . Hover . | . . . . . . Flight 130 | . 38 92 . . . Fastest Speed 34 | 50 37 34 95 92 100 Average Speed 118 | 210 174 74 95 122 143 Slowest Speed 250 | 250 250 160 95 250 150 Overloaded Moves . | . . . . . . Propulsion Burnouts . | . . . . . . Robots Hopped . | . . . . . . Cave-ins Triggered . | . . . . . . Exploration Rate (%) 26 | 4 24 18 65 22 25 Regions Visited 5 Branch Regions 2 Pre-discovered Areas . | . . . . . . Known Exits Taken . | . . . . . . Unknown Exits Taken 5 | 1 1 1 1 1 . Scrap Searched 1 | . . . 1 . . Spaces Dug . | . . . . . . Terrain Destroyed 100 | . . . . 100 . Melee . | . . . . . . Projectile 1 | . . . . 1 . AOE 99 | . . . . 99 . Terrain Rammed . | . . . . . . Walls Destroyed . | . . . . . . Machines Disabled . | . . . . . . Actions | -11 -10 -9 -9 -8 -8 --------- Run | Scr Mat Mat Min Mat Sto Total 1164 | 62 141 268 195 297 201 Wait 121 | . 8 25 4 22 62 Move 889 | 49 102 223 188 198 129 Hop . | . . . . . . Pick Up 30 | 8 5 4 2 10 1 Fast Attach . | . . . . . . Attach 21 | 4 4 5 . 8 . Detach 2 | . 1 . . 1 . Swap 5 | . 1 . 1 3 . Drop 13 | . 5 1 . 7 . Fire 69 | 1 10 10 . 48 . Melee . | . . . . . . Ram 14 | . 5 . . . 9 Kick . | . . . . . . Crush . | . . . . . . Escape Stasis . | . . . . . . Rewire . | . . . . . . Trap . | . . . . . . Miscellaneous . | . . . . . . Route ------- -11/Scrapyard -10/Materials -9/Materials -9/Mines -8/Materials (discovered 2 exits: [*Fac] / [*Sto]) -8/Storage History --------- Turn | Location | Event 19 | -11/Scrapyard | Discovered new exit (range 16) 119 | -11/Scrapyard | Entered Materials 283 | -10/Materials | Discovered new exit (range 15) 321 | -10/Materials | Build established: Mutant 351 | -10/Materials | Entered another Materials area 351 | -9/Materials | Evolved 2 slots: Propulsion x1, Utility x1 554 | -9/Materials | Discovered new exit (range 18) 570 | -9/Materials | Entered Mines 573 | -9/Mines | Received a Mining Laser from a helpful Derelict 636 | -9/Mines | Received a Rocket Launcher from a helpful Derelict 723 | -9/Mines | Discovered new exit (range 11) 739 | -9/Mines | Learned Materials stockpile data 757 | -9/Mines | Entered Materials 757 | -8/Materials | Evolved 2 slots: Propulsion x1, Utility x1 944 | -8/Materials | Discovered new exit (range 9) 1117 | -8/Materials | Lost 5 parts (1p2n2w) 1144 | -8/Materials | Discovered new exit (range 7) 1146 | -8/Materials | Core integrity fell below 50% 1154 | -8/Materials | Entered Storage 1390 | -8/Storage | Core integrity fell below 20% 1412 | -8/Storage | Destroyed by S-10 Pest via exploding Compression Vault Last Messages --------------- 01330_ U-05 Engineer lays Concrete. 01332_ U-05 Engineer builds a Wall. 01366_ K-01 Serf collects debris. 01386_ Sml. Storage Unit destroyed. 01387_ Slammed into Y-45 Defender. 01392_ System corrupted: Component data lost. 01400_ K-01 Serf cleans the Compression Vault. 01406_ Slammed into A-02 Transporter. 01410_ Destabilizing: System interference. 01410_ Visual Processing Unit temporarily disabled. 01410_ Adv. Visual Processing Unit temporarily disabled. 01410_ Triggered Ambush Trap. 01410_ B-36 Bruiser emerges from a hatch in the floor. 01410_ S-10 Pest emerges from a hatch in the floor. 01411_ Slammed into S-10 Pest. 01411_ U-05 Engineer lays Concrete. 01412_ Compression Vault explodes. 01412_ B-36 Bruiser destroyed. 01412_ Sml. Storage Unit destroyed. 01412_ Visual Processing Unit destroyed. Map ----- +----------------------------------------------------+ | | | | | | | | | | | | | | | | | | | | | | | | | | | | | | | | | ????????????????????????????###############???#### | | ????????????????????????????# [ !!#??## | | ????????????????????????????# #?""" | | ????????????????????????????# ! #?"R "" | | ???????????????????########## ! #?""" "" | | ??????????????????## # #???# "" | | ??????????????????# """# ##### | | ???????????????????# """#+###+################ | | ???????????????????# s"""# | | ???????????????????# @su/ | | ???????????????????# a # m | | ???????????????????# =% ####### ############ | | ???????????????????# u #?????# ##########?? | | ???????????????????# h #?????# #??????????? | | ???????????????????#######+##?????# #??????????? | | ????????????????????????? ??????# #??????????? | | ????????????????????????? ??????# ##""##?????? | | ????????????????????????? ??????# # T#?????? | | ????????????????????????? ??????# + #??????? | | ?????????????????????????###??????# #####??????? | | ??????????????????????????????????# #??????????? | | ??????????????????????????????????# #??????????? | | ??????????????????????????????????# #??????????? | | ??????????????????????????????????# ####???????? | | ??????????????????????????????????# # #???????? | | ??????????????????????????????????# + "???????? | | ??????????????????????????????????# # "???????? | | ??????????????????????????????????# # "???????? | | ??????????????????????????????????# ##T#???????? | | ??????????????????????????????????# ####???????? | | ??????????????????????????????????# #??????????? | | ??????????????????????????????????# #??????????? | | ??????????????????????????????????# #??????????? | | ??????????????????????????????????# #??????????? | +----------------------------------------------------+ Best States ------------- Heat Dissipation 31 Energy Generation 10 Energy Capacity 250 Matter Stores 300 Matter Capacity 300 Sight Range 20 Terrain Scan Density 10 Evasion (%) 63 Recoil Reduction 1 Item Schematics ----------------- None Robot Schematics ------------------ None Fabricated ------------ Nothing Alien Tech Used ----------------- None Achievements -------------- None Challenges ------------ None Game ------ Seed HeartThermalInverter Manual? 0 Play Time 00:12:08 Cumulative 17.8 hours Start 2020.12.19 @ 18:32:02 End 2020.12.19 @ 18:42:55 Sessions 1 Manual Loads 0 Difficulty Rogue Special Mode None Game No. 23 Rogue 23 Adventurer 0 Explorer 0 Win Type - Total 0 Types 0/0/0/0/0/0/0/0/0 Lore% 9 Gallery% 27 Achievement% 22 Wizard Run 0 Options --------- ASCII 0 Keyboard 0 Movement Mouse Keybinds 0 Fullscreen 2 Font 24/Smallcaps Map View 76x50 Tactical HUD 1 Map Filters NONE Filters NONE Steam 1 RUN: 98e542a7-8928-4aae-acb8-1c6bc1948d30